 Dungeon Crawl Stone Soup version 0.31-a0-1010-g5322dac6a2 (webtiles) character file.

Game seed: 9867998098597051717

529 protoss039 the Digger (level 7, 52/52 HPs)
             Began as a Demonspawn Earth Elementalist on Nov 16, 2023.
             Got out of the dungeon alive.
             The game lasted 00:04:33 (3219 turns).

protoss039 the Digger (DsEE)                        Turns: 3219, Time: 00:04:34

Health: 52/52      AC:  6    Str:  9    XL:     7   Next: 3%
Magic:  21/21      EV: 13    Int: 18    God:
Gold:   185        SH:  0    Dex: 19    Spells: 12/13 levels left

rFire   . . .        n - +4 dagger "Seqi" {drain, *Rage rC++ Will+ MP+9}
rCold   + + .        (no shield)
rNeg    . . .        v - +0 ring mail
rPois   .            (no helmet)
rElec   .            (no cloak)
rCorr   .            m - +0 pair of gloves
SInv    .            (no boots)
Will    ++...        (no amulet)
Stlth   ++           j - ring of willpower
HPRegen 0.28/turn    l - +6 ring of dexterity
MPRegen 0.17/turn

%: random rage (20%)
@: no status effects
A: repulsion field 2, spiny 1, weakness stinger 1
a: no special abilities


You escaped.
You visited 1 branch of the dungeon, and saw 5 of its levels.

You collected 185 gold pieces.

Inventory:

Hand Weapons
 n - the +4 dagger "Seqi" (weapon) {drain, *Rage rC++ Will+ MP+9}
   (You found it on level 2 of the Dungeon)

   rC++:      It greatly protects you from cold.
   Will+:     It increases your willpower.
   MP+9:      It affects your magic capacity (+9).
   *Rage:     It berserks you when you make melee attacks (+20% chance).
 u - a +1 dagger of venom
Missiles
 s - 2 throwing nets
Armour
 m - a +0 pair of gloves (worn)
 v - a +0 ring mail (worn)
Jewellery
 j - a ring of willpower (left hand)
 l - a +6 ring of dexterity (right hand)
Wands
 q - a wand of quicksilver (8)
 w - a wand of flame (24)
Scrolls
 a - a scroll of fear {unknown}
 c - 2 scrolls of teleportation {unknown}
 e - a scroll of noise {unknown}
 h - a scroll of acquirement {unknown}
 i - 7 scrolls of identify {unknown}
 k - 2 scrolls of silence {unknown}
 o - 3 scrolls of vulnerability {unknown}
 x - a scroll of blinking {unknown}
 y - a scroll of torment {unknown}
Potions
 b - a potion of magic
 d - a potion of mutation {unknown}
 f - a potion of cancellation {unknown}
 g - a potion of enlightenment {unknown}
 p - a potion of invisibility {unknown}
 r - 2 potions of lignification {unknown}
 t - a potion of haste {unknown}
 z - a potion of brilliance {unknown}


   Skills:
 + Level 3.3 Fighting
 * Level 2.7 Short Blades
 * Level 0.0 Armour
 - Level 1.7 Dodging
 - Level 3.0 Stealth
 + Level 3.7 Spellcasting
 - Level 0.8 Transmutations
 + Level 4.1 Earth Magic


You had 12 spell levels left.
You knew the following spells:

 Your Spells              Type           Power      Damage    Failure   Level
a - Sandblast             Erth           36%        2d10      8%          1

Your spell library contained the following spells:

 Spells                   Type           Power      Damage    Failure   Level
 Passwall                 Tmut/Erth      10%        N/A       22%         2
 Stone Arrow              Conj/Erth      20%        3d8       47%         3
 Cigotuvi's Dreadful Rot  Necr/Pois/Air  6%         N/A       54%         2
 Ensorcelled Hibernation  Hex/Ice        6%         N/A       54%         2
 Scorch                   Fire           6%         2d5       54%         2
 Ignite Poison            Fire/Tmut/Pois 4%         N/A       75%         3
 Swiftness                Air            3%         N/A       77%         3
 Petrify                  Tmut/Erth      12%        N/A       83%         4
 Brom's Barrelling Bould  Conj/Erth      10%        2d3       87%         4
 Flame Wave               Conj/Fire      3%         2d5       99%         4
 Freezing Cloud           Conj/Ice/Air   1%         6-21      100%        5
 Summon Cactus Giant      Summ           1%         N/A       100%        6


Dungeon Overview and Level Annotations

Branches:
Dungeon (5/15) Zot: 25616
 Temple: D:4-7

Altars:
Fedhas
Trog


Innate Abilities, Weirdness & Mutations

You are surrounded by a moderate repulsion field. (EV +3)
You are partially covered in sharp spines.
You have a small tail.


Message History

a +1 dagger of venom; a +0 sling No target in view!
y - a scroll labelled GUMA PONONAL CADYPP No target in view!
There is a stone staircase leading up here.
You see here a staff of conjuration.
A kobold comes into view. It is wielding a +0 short sword.
A kobold is nearby!
You hit the kobold.
You kill the kobold!
Things that are here:
a +0 short sword; a kobold corpse
Things that are here:
a +0 club; a goblin skeleton
There is a stone staircase leading down here.
z - a glowing clear potion No target in view!
You now have 185 gold pieces (gained 19).
Done exploring.
No target in view!
Done exploring.
No target in view!
Done exploring.
No target in view!
Done exploring.
No target in view!
Done exploring.
Search for what [Enter for "ring", or ? for help]? .
Done exploring.
What level of the Dungeon? (default 3, ? - help)
There is a stone staircase leading up here.
You climb upwards.
There is a stone staircase leading down here.
There is a stone staircase leading up here.
You climb upwards.
There is a stone staircase leading down here.
You open the door.
There is an open door here.
There is a staircase leading out of the dungeon here.
You have escaped!

#.#########................###...
#...........###.##..........#....
###########.# #.##..######.#.###.
#.###.....# ##....###.
#.........# ##....>.##.
##.+++'++.###.(........
#..+....+..##.........#
#..+....+...#.#....#..#
#..+..@.'.#.#.##.#.#..#
#..+....+.#.#.##.#.#..#
##.++++++.#.#.#....#..#
#..........#.#..###..#
############.#..# #..#
###....###..# #...........#
#.#.#.#####.# #########
####.#......)..#


There were no monsters in sight!

Vanquished Creatures
  Sigmund (D:4)
  A phantom (D:4)
  A scorpion (D:5)
  A hound (D:4)
  An orc wizard (D:4)
  Natasha (thrice) (D:2)
  2 adders (D:3)
  A worm (D:3)
  3 dart slugs (D:1)
  7 orcs
  8 ball pythons
  3 endoplasms
  4 giant cockroaches
  10 goblins
  7 hobgoblins
  4 jackals (D:4)
  6 kobolds
  2 quokkas (D:1)
  2 bats
  4 frilled lizards
  2 rats
73 creatures vanquished.

Notes
Turn   | Place    | Note
-------+----------+-------------------------------------------
     0 | D:1      | protoss039 the Demonspawn Earth Elementalist began the
                  | quest for the Orb.
     0 | D:1      | Reached XP level 1. HP: 13/13 MP: 3/3
    99 | D:1      | Found a faded altar of an unknown god.
   153 | D:1      | Gained mutation: You are surrounded by a mild repulsion
                  | field. (EV +2) [demonic ancestry]
   153 | D:1      | Reached XP level 2. HP: 20/20 MP: 1/5
   316 | D:1      | Reached skill level 1 in Fighting
   362 | D:1      | Reached skill level 3 in Earth Magic
   623 | D:1      | Reached XP level 3. HP: 26/26 MP: 3/6
   924 | D:2      | Noticed Natasha
   929 | D:2      | Killed Natasha
  1045 | D:2      | Identified the +4 dagger "Seqi" {drain, *Rage rC++ Will+
                  | MP+9}
  1202 | D:2      | Noticed Natasha
  1209 | D:2      | Killed Natasha
  1210 | D:2      | Gained mutation: You are partially covered in sharp spines.
                  | [demonic ancestry]
  1210 | D:2      | Reached XP level 4. HP: 10/33 MP: 8/8
  1433 | D:2      | Noticed Natasha
  1437 | D:2      | Killed Natasha
  1876 | D:3      | You fall into a shaft and drop 2 floors!
  1876 | D:5      | Entered Level 5 of the Dungeon
  1895 | D:5      | Noticed a scorpion
  1903 | D:5      | Killed a scorpion
  1904 | D:5      | Reached skill level 1 in Short Blades
  1904 | D:5      | Gained mutation: You have a small tail. [demonic ancestry]
  1904 | D:5      | Reached XP level 5. HP: 39/39 MP: 9/9
  2015 | D:4      | Noticed a phantom
  2026 | D:4      | Killed a phantom
  2027 | D:4      | Reached XP level 6. HP: 32/46 MP: 10/10
  2157 | D:4      | Found a blossoming altar of Fedhas.
  2447 | D:4      | Found a bloodstained altar of Trog.
  2542 | D:4      | Noticed Sigmund
  2549 | D:4      | Killed Sigmund
  2550 | D:4      | Reached skill level 4 in Earth Magic
  2550 | D:4      | Gained mutation: You are surrounded by a moderate repulsion
                  | field. (EV +3) [demonic ancestry]
  2550 | D:4      | Reached XP level 7. HP: 52/52 MP: 12/12
  3219 | D:$      | Got out of the dungeon alive.

Illustrated notes

Levels and vault maps discovered:
D:1:      lightli_arrival_maybe_door_vault, layout_loops_ring,
          dreamdust_ecumenical_altar_grove, minmay_hexomino_f4
D:2:      layout_rooms, ebering_dispersal_statue_hall, minmay_splitting_lines,
          uniq_natasha
D:3:      layout_loops_ring
D:4:      layout_loops_cross, trog_hazing_becter, overflow_temple_1_default,
          uniq_sigmund
D:5:      layout_rooms, zin_statuary, mainiacjoe_overflow_swirl,
          nzn_wu_jian_contemplation, minmay_temple_entry_fiery

Skill      XL: |  1  2  3  4  5  6  7 |
---------------+----------------------+-----
Fighting       | 1 2 3 |  3.3
Earth Magic    | 3 4 |  4.1
Spellcasting   | 3 |  3.7
Short Blades   | 1 2 |  2.7
Stealth        | 2 3 |  3.0
Dodging        | |  1.7
Transmutations | |  0.8

Action                     |  1- 3 |  4- 6 |  7- 9 || total
---------------------------+-------+-------+-------++-------
  Melee: Dagger            |    33 |    63 |     8 ||   104
         Spear             |     8 |       |       ||     8
         Punch             |     2 |       |       ||     2
         Tailslap          |       |     4 |       ||     4
   Cast: Sandblast         |    27 |     9 |       ||    36
   Stab: Sleeping          |     1 |     4 |     1 ||     6
         Distracted        |       |     1 |       ||     1
 Armour: Robe              |    21 |       |       ||    21
         Leather armour    |       |    25 |       ||    25
         Ring mail         |       |       |     3 ||     3
  Dodge: Dodged            |    52 |    30 |     3 ||    85

Table legend: (Time is in decaauts)
 A = Elapsed time spent in this place.
 B = Non-inter-level travel time spent in this place.
 C = Inter-level travel time spent in this place.
 D = Time resting spent in this place.
 E = Time spent auto-exploring this place.
 F = Levels seen in this place.
 G = Mean time per level.
                   A        B        C        D        E       F      G
               +--------+--------+--------+--------+--------+-----+--------+
         Total |   3329 |   3098 |    231 |    252 |   2310 |   5 |  665.8 |
       Dungeon |   3329 |   3098 |    231 |    252 |   2310 |   5 |  665.8 |
               +--------+--------+--------+--------+--------+-----+--------+

Top non-repeatable levels by time:
     D:4: 902 daAuts
     D:1: 889 daAuts
     D:2: 753 daAuts
     D:3: 751 daAuts
     D:5: 32 daAuts
